Map: King's Cove LE

Players

A.I. 1 (Elite)

  • Race: Protoss Protoss
  • Spawn Location: 5:00

A.I. 2 (Elite)

  • Race: Terran Terran
  • Spawn Location: 11:00

VOD

Have the link to the VOD?

Description

Time

  • Played on: Feb. 6, 2019, 11:28 p.m.
  • Length: 6:48
Show
View Real Time Build Order
Export as new Build Order

A.I. 1 (Elite) Protoss 

Build Orders: Zealot Archon 

Get SALT Encoding   

  12  0:01  Probe  
  13  0:13  Probe  
  14  0:21  Pylon  
  14  0:25  Probe  
  15  0:35  Probe  
  16  0:43  Probe  
  16  0:49  Assimilator  
  17  0:52  Gateway, Probe  
  18  1:00  Probe  
  18  1:04  Pylon  
  18  1:08  Probe  
  20  1:20  Probe  
  21  1:38  Zealot  
  21  1:39  Gateway  
  21  1:40  Probe  
  21  1:43  Cybernetics Core  
  24  1:50  Pylon  
  24  1:52  Probe  
  25  1:57  Zealot  
  25  2:04  Probe  
  27  2:17  Probe  
  27  2:19  Warp Gate  
  27  2:21  Gateway  
  28  2:24  Adept  
  30  2:30  Adept  
  32  2:40  Probe, Pylon  
  33  2:52  Adept, Probe  
  33  2:54  Adept  
  38  3:07  Adept  
  38  3:08  Pylon  
  38  3:09  Probe  
  37  3:20  Zealot  
  37  3:24  Zealot  
  41  3:27  Assimilator  
  41  3:37  Adept  
  43  3:42  Twilight Council  
  43  4:22  Templar Archives  
  43  4:41  Nexus  
  43  4:59  High Templar  
  45  5:03  High Templar  
  45  5:07  Archon  
  47  5:12  Pylon  
  47  5:30  Zealot  
  47  5:32  High Templar, Forge  
  51  5:40  Forge  
  51  5:51  Gateway  
  51  5:54  Probe x2  
  53  6:00  Assimilator  
  53  6:01  High Templar, Assimilator  
  55  6:06  Probe  
  55  6:08  Probe  
  55  6:11  Stalker  
  59  6:18  Probe  
  59  6:19  Archon  
  59  6:20  Stalker, Probe  
  63  6:30  Probe  
  63  6:32  Probe  
  65  6:37  Pylon  
  65  6:39  High Templar  
Show
View Real Time Build Order
Export as new Build Order

A.I. 2 (Elite) Terran 

Build Orders:  

Get SALT Encoding   

  12  0:09  Supply Depot  
  12  0:13  SCV  
  13  0:33  Barracks  
  13  0:45  Barracks  
  13  1:00  Barracks  
  13  1:02  SCV  
  14  1:14  SCV  
  15  1:21  Marine  
  16  1:33  Barracks, Marine  
  16  1:39  Marine  
  18  1:47  Marine  
  18  1:51  Marine  
  20  1:58  Supply Depot  
  20  2:00  Marine  
  21  2:08  Marine  
  21  2:09  Marine  
  23  2:19  Marine  
  23  2:20  Marine  
  25  2:27  Marine  
  25  2:28  Marine  
  27  2:37  Marine  
  27  2:38  Marine  
  29  2:44  Marine  
  30  2:51  Supply Depot  
  30  2:52  Marine  
  31  3:01  Refinery  
  31  3:13  SCV  
  28  3:25  SCV  
  28  3:37  SCV  
  29  3:49  SCV  
  30  4:01  SCV  
  31  4:10  Factory  
  31  4:13  SCV  
  32  4:21  Supply Depot  
  32  4:22  Barracks Tech Lab  
  32  4:25  SCV  
  33  4:33  Refinery  
  33  4:37  SCV  
  34  4:41  Marauder  
  36  4:49  SCV  
  36  4:50  Marine  
  38  4:55  Factory Tech Lab  
  38  4:57  Supply Depot  
  38  5:01  SCV  
  38  5:02  Marauder  
  41  5:13  SCV  
  42  5:23  Marauder  
  42  5:26  Orbital Command  
  44  5:45  Marauder  
  44  5:46  Command Center  
  46  6:06  Marauder  
  48  6:14  Supply Depot  
  48  6:18  Engineering Bay  
  50  6:38  Engineering Bay  
  50  6:39  Barracks Tech Lab  
  50  6:42  Barracks Reactor  
Tags
 
Composition
Zealot Archon
Matchup
PvT
Spawn Locations
Cross Positions
Add a new tag
Caveats
  • Supply blocks, unpowered buildings, or Contaminate may cause inaccurate times.
  • Supply counts are checked every 10 seconds.